AoeStats
← elitedurasteel

Arena

510407719Analyzed
2v2 RM · 1d ago on Sep 30, 2026· 20m 51s· 4 players
Game mode
Random Map
Map size
Medium (4 player)
Population
200
Speed
Normal
Resources
Standard
Victory
Conquest
Starting age
Dark Age
Ending age
Imperial Age
RankedLock teamsTeams togetherTeam positionsShared explorationLock speedFull tech treeHidden civsTurbo modeCheats
Victory
Defeat
🇨🇱 Spanish · Chile
1236
+13
🇵🇪 Huns · Peru
1219
+14
🇬🇧 Khmer · United Kingdom
1271
-17
🇪🇸 Magyars · Spain
1080
-10
Bastrip
10:44 Feudal Age
12:15 Loom
14:55 Castle Age
17:09 Fletching
20:14 Town Watch
Rasec
10:20 Feudal Age
14:37 Castle Age
12:58 Double-Bit Axe
14:47 Gold Mining
18:58 Loom
elitedurasteel
8:42 Feudal Age
11:32 Castle Age
14:28 Double-Bit Axe
18:27 Loom
18:26 Elite Skirmisher
19:19 Fletching
20:03 Bodkin Arrow
Pr8feSS8r
11:14 Feudal Age
15:47 Castle Age
14:22 Loom
16:47 Double-Bit Axe
17:52 Bow Saw
20:02 Wheelbarrow
20:13 Gold Mining
Connection lost

Rejoining the realm…

Still unreachable

The connection could not be restored.

Session expired

The server has moved on; the page needs a fresh start.